Map: Amygdala

Players

Swarmlord - Winner!

  • Race: Zerg Zerg
  • League: Silver
  • Spawn Location: 7:00

FRAGA

  • Race: Terran Terran
  • League: Silver
  • Spawn Location: 1:00

VOD

Have the link to the VOD?

Description

my eco and sustainability got me the win roach into mutas

Time

  • Played on: April 19, 2025, 9:31 p.m.
  • Length: 12:12
Show
View Real Time Build Order
Export as new Build Order

Swarmlord Zerg - Winner!

Build Orders: Hatch First 

Get SALT Encoding   

  12  0:04  Drone  
  13  0:14  Overlord  
  13  0:21  Drone  
  14  0:42  Hatchery  
  13  0:44  Drone  
  13  0:47  Drone  
  15  0:52  Drone  
  16  0:59  Extractor  
  15  1:09  Spawning Pool  
  14  1:14  Drone  
  14  1:17  Drone  
  16  1:29  Drone x2  
  18  1:39  Overlord  
  18  1:52  Drone  
  19  1:56  Queen  
  21  2:05  Drone  
  22  2:10  Zergling x4  
  24  2:15  Queen  
  24  2:18  Drone x2  
  28  2:27  Roach Warren  
  27  2:36  Lair  
  27  2:42  Drone x2  
  29  2:49  Overlord  
  29  2:52  Drone  
  30  3:05  Drone x3  
  32  3:06  Drone x2  
  35  3:24  Roach x3  
  35  3:25  Roach  
  43  3:29  Overlord  
  43  3:37  Extractor  
  42  3:43  Glial Reconstitution  
  42  3:49  Evolution Chamber  
  41  3:56  Roach x3  
  41  3:57  Hatchery  
  41  4:00  Overlord  
  46  4:12  Roach x2  
  46  4:15  Overlord  
  50  4:23  Queen  
  52  4:25  Queen  
  54  4:41  Roach x3  
  60  5:14  Extractor  
  59  5:18  Extractor  
  59  5:19  Drone x3  
  59  5:20  Drone x6  
  59  5:21  Drone x7  
  74  5:52  Overlord x3  
  74  6:02  Hatchery  
  73  6:09  Drone  
  74  6:11  Overlord x2  
  74  6:13  Roach x4  
  74  6:14  Roach x2  
  84  6:33  Roach  
  84  6:34  Roach x3  
  84  6:37  Zergling x10  
  84  6:38  Zergling x2  
  83  6:53  Zergling x8  
  83  6:54  Zergling x4  
  62  7:17  Lair  
  54  7:51  Hatchery  
  53  8:02  Drone x4  
  53  8:03  Drone x5  
  62  8:18  Roach x2  
  62  8:19  Roach x2  
  65  9:11  Roach x2  
  65  9:12  Roach x6  
  65  9:13  Roach x3  
  65  9:14  Roach  
  73  9:26  Drone  
  73  9:27  Spire  
  68  9:40  Pneumatized Carapace  
  62  9:54  Drone x5  
  62  9:55  Drone x4  
  61  10:20  Roach  
  59  10:34  Infestation Pit  
  58  10:42  Mutalisk x2  
  58  10:43  Mutalisk x8  
  58  10:47  Zergling x6  
  58  10:48  Zergling x2  
  80  11:01  Drone x3  
  83  11:11  Mutalisk x2  
  87  11:26  Zergling x10  
  92  11:45  Zergling x14  
  92  11:46  Zergling x6  
Show
View Real Time Build Order
Export as new Build Order

FRAGA Terran 

Build Orders:  

Get SALT Encoding   

  12  0:00  SCV  
  13  0:13  SCV  
  14  0:22  Supply Depot  
  14  0:25  SCV  
  15  0:34  Refinery  
  15  0:43  SCV  
  15  0:47  Barracks  
  16  0:55  SCV  
  17  1:08  SCV  
  18  1:20  SCV  
  19  1:27  Refinery  
  19  1:32  SCV  
  20  1:37  Supply Depot  
  20  1:42  Factory  
  20  1:44  SCV  
  21  1:56  SCV  
  21  1:59  Engineering Bay, Barracks Reactor  
  22  2:08  SCV  
  23  2:27  Orbital Command  
  23  2:30  Factory Tech Lab  
  23  2:38  Starport  
  23  2:48  Command Center  
  23  2:53  SCV  
  23  2:57  Terran Infantry Weapons Level 1  
  24  3:19  Supply Depot, Starport Reactor  
  24  3:22  Marine x2  
  26  3:39  Marine  
  26  3:40  Marine  
  28  3:45  Barracks  
  28  3:57  Marine x2  
  30  4:14  Bunker  
  30  4:16  Siege Tank  
  33  4:18  Marine x2  
  35  4:27  Medivac  
  37  4:33  Medivac  
  37  4:36  Marine x2  
  41  4:40  Barracks Tech Lab  
  41  4:48  SCV  
  41  4:52  Terran Infantry Armor Level 1, SCV  
  43  4:54  Marine x2  
  45  5:00  Medivac  
  45  5:04  SCV  
  45  5:07  Stimpack  
  48  5:12  Marine  
  48  5:13  Marine  
  50  5:14  Marine  
  51  5:29  Marine  
  51  5:31  Marine  
  51  5:32  Marine  
  54  5:42  SCV  
  55  5:46  SCV  
  55  5:47  Marine  
  55  5:49  Marine  
  58  5:50  Marine  
  58  5:54  SCV  
  60  6:05  Marine  
  60  6:06  SCV x2  
  60  6:07  Marine  
  64  6:14  Siege Tank  
  67  6:18  SCV x2  
  67  6:24  Armory  
  69  6:30  SCV x2  
  62  6:42  SCV  
  62  6:43  SCV  
  46  7:25  SCV  
  46  7:26  SCV  
  45  7:34  Marine  
  45  7:38  Marine  
  45  7:41  SCV  
  45  7:45  Refinery x2  
  44  7:53  SCV  
  44  7:54  Supply Depot  
  44  7:56  Marine  
  44  7:57  Liberator  
  45  7:59  Siege Tank  
  45  8:00  Liberator  
  45  8:05  SCV  
  36  8:14  Marine  
  36  8:17  SCV  
  36  8:18  Supply Depot  
  36  8:27  Supply Depot  
  36  8:28  Supply Depot  
  36  8:29  SCV  
  36  8:32  Marine  
  30  8:50  Engineering Bay  
  21  9:02  Siege Tank  
  18  9:29  SCV  
  19  9:35  Siege Tank  
  19  9:37  Command Center  
  22  9:41  SCV  
  22  9:42  Barracks Reactor  
  23  9:53  SCV  
  24  10:07  Siege Tank  
  24  10:53  SCV  
  25  11:05  SCV  
  25  11:10  SCV  
  27  11:17  SCV  
  28  11:22  SCV  
  29  11:38  SCV  
  30  11:41  SCV  
  31  11:51  SCV  
  31  11:53  SCV  
Tags
 
Matchup
TvZ
Spawn Locations
Cross Positions
Add a new tag
Caveats
  • Supply blocks, unpowered buildings, or Contaminate may cause inaccurate times.
  • Supply counts are checked every 10 seconds.